Map: Disco Bloodbath LE

Players

Sheppard - Winner!

  • Race: Terran Terran
  • League: Master
  • Spawn Location: 3:00

Mez

  • Race: Terran Terran
  • League: Master
  • Spawn Location: 9:00

VOD

Have the link to the VOD?

Description

Time

  • Played on: Sept. 4, 2019, 9:37 a.m.
  • Length: 19:58
Show
View Real Time Build Order
Export as new Build Order

Sheppard Terran - Winner!

Build Orders:  

Get SALT Encoding   

  12  0:01  SCV  
  13  0:13  SCV  
  14  0:17  Supply Depot  
  14  0:25  SCV  
  15  0:38  SCV  
  15  0:39  Barracks  
  16  0:44  Refinery  
  16  0:50  SCV  
  17  1:03  SCV  
  18  1:15  SCV  
  19  1:27  SCV  
  20  1:33  Reaper  
  20  1:39  Orbital Command  
  21  1:46  Command Center  
  21  1:55  Refinery  
  21  2:01  Supply Depot  
  21  2:05  SCV  
  21  2:07  Barracks Reactor  
  22  2:14  Bunker  
  22  2:19  SCV  
  23  2:31  SCV  
  23  2:33  Factory  
  24  2:43  SCV  
  25  2:48  Marine x2  
  27  2:55  SCV  
  28  3:00  Orbital Command  
  28  3:06  Marine x2  
  28  3:07  SCV  
  31  3:17  Factory Tech Lab  
  31  3:20  Starport  
  31  3:23  SCV  
  31  3:24  Marine x2  
  31  3:25  Refinery  
  33  3:27  SCV  
  34  3:36  Siege Tank, SCV  
  38  3:42  SCV  
  38  3:43  Marine  
  38  3:47  Marine  
  38  3:48  SCV  
  42  3:51  Supply Depot  
  42  3:54  SCV  
  43  3:56  Supply Depot  
  43  3:57  Starport Tech Lab  
  43  4:00  SCV  
  43  4:02  Marine  
  45  4:06  SCV  
  46  4:12  Marine  
  46  4:13  Siege Tank, SCV  
  46  4:15  Raven  
  53  4:18  SCV  
  54  4:24  Supply Depot  
  54  4:25  SCV, Supply Depot  
  54  4:29  Marine  
  54  4:30  SCV  
  57  4:36  Marine  
  57  4:37  SCV  
  59  4:42  SCV  
  60  4:49  SCV  
  58  4:55  SCV  
  58  4:56  Marine x2  
  56  5:01  SCV  
  48  5:08  SCV  
  48  5:09  Siege Tank, Raven  
  48  5:13  SCV  
  53  5:15  Command Center  
  53  5:17  Marine  
  53  5:18  Marine  
  53  5:20  SCV  
  56  5:25  SCV  
  57  5:33  Barracks  
  57  5:37  Marine x2, Barracks  
  59  6:00  SCV  
  60  6:08  Siege Tank  
  60  6:09  Medivac, Viking  
  67  6:12  SCV  
  67  6:14  SCV  
  69  6:21  Stimpack, Barracks Reactor  
  69  6:25  Barracks Reactor, Engineering Bay  
  69  6:26  SCV, Engineering Bay  
  69  6:29  Marine  
  69  6:30  SCV  
  72  6:36  Orbital Command  
  72  6:38  Refinery  
  72  6:43  Medivac  
  72  6:45  SCV  
  75  6:48  SCV  
  75  6:53  Marine  
  77  6:56  Terran Infantry Weapons Level 1  
  77  6:57  SCV, Missile Turret  
  77  6:58  Marine  
  79  7:03  Supply Depot  
  79  7:06  Supply Depot  
  79  7:08  Terran Infantry Armor Level 1  
  79  7:12  Missile Turret  
  79  7:18  Marine x3  
  79  7:19  Marine x2  
  79  7:22  SCV  
  85  7:25  Orbital Command  
  85  7:28  Supply Depot  
  85  7:32  Armory  
  85  7:36  Marine  
  86  7:40  Marine  
  86  7:41  Marine x3  
  90  7:49  Barracks  
  90  7:52  SCV x2  
  90  7:54  Marine, Barracks  
  93  7:58  Marine  
  93  7:59  Marine  
  93  8:01  Combat Shield  
  93  8:04  Marine  
  93  8:05  Viking  
  98  8:07  Sensor Tower  
  98  8:08  Sensor Tower  
  98  8:12  Marine x2  
  100  8:13  SCV x3  
  103  8:20  Factory  
  103  8:25  SCV x3, Refinery  
  106  8:28  Marine  
  106  8:29  Marine  
  106  8:30  Sensor Tower  
  108  8:36  Viking, Missile Turret  
  108  8:37  SCV  
  108  8:40  SCV  
  108  8:41  SCV  
  113  8:44  Marine, Barracks Reactor  
  113  8:45  Barracks Reactor  
  114  8:49  SCV  
  114  8:52  SCV  
  114  8:53  SCV  
  117  8:59  Supply Depot  
  117  9:00  Supply Depot  
  117  9:06  Supply Depot, Missile Turret  
  117  9:09  Terran Infantry Weapons Level 2  
  117  9:10  Terran Infantry Armor Level 2  
  117  9:15  Factory Reactor  
  117  9:20  Marine x4  
  117  9:21  SCV  
  122  9:25  Marine  
  122  9:26  Marine x4  
  122  9:27  Siege Tank  
  130  9:38  Marine  
  130  9:41  Command Center, Supply Depot  
  130  9:44  Marine  
  130  9:45  Marine x6  
  139  9:49  Terran Ship Weapons Level 1  
  139  9:57  Supply Depot  
  138  10:06  Supply Depot  
  138  10:07  Barracks x2  
  138  10:10  Barracks, Medivac, Viking  
  138  10:11  Marine  
  138  10:12  Marine  
  144  10:17  Siege Tank  
  147  10:23  Refinery  
  147  10:28  Missile Turret  
  147  10:29  Siege Tank  
  147  10:31  SCV x2  
  147  10:34  SCV  
  153  10:39  Marine x3  
  153  10:40  Marine  
  157  10:43  SCV  
  157  10:46  Supply Depot  
  158  10:54  Starport  
  158  10:55  Supply Depot  
  158  10:58  Barracks Reactor x3  
  158  11:15  Siege Tank  
  158  11:17  Sensor Tower  
  161  11:18  Missile Turret  
  161  11:19  Siege Tank, Missile Turret  
  161  11:20  Missile Turret  
  161  11:22  SCV x3  
  166  11:30  Planetary Fortress  
  166  11:34  SCV, Terran Infantry Weapons Level 3  
  166  11:37  SCV  
  166  11:38  Starport Reactor, SCV  
  166  11:39  Marine  
  170  11:40  Marine  
  170  11:42  Liberator  
  170  11:43  Refinery  
  171  11:51  SCV x2  
  171  11:58  Siege Tank x2  
  171  12:00  Viking  
  176  12:03  SCV x3  
  176  12:07  SCV  
  180  12:10  Marine x4  
  185  12:15  SCV  
  185  12:16  SCV x2  
  185  12:21  Refinery, Missile Turret  
  187  12:23  SCV  
  187  12:28  Terran Infantry Armor Level 3  
  188  12:30  Medivac  
  188  12:31  Starport  
  190  12:37  Viking  
  190  12:38  Viking  
  190  12:40  SCV x2  
  190  12:41  Supply Depot  
  190  12:42  Factory  
  196  12:52  Command Center  
  196  12:54  Terran Vehicle Weapons Level 1  
  196  12:56  SCV  
  196  13:02  SCV  
  190  13:10  Medivac x3, Viking  
  188  13:13  Siege Tank  
  188  13:14  Siege Tank  
  193  13:21  Missile Turret  
  193  13:23  Missile Turret  
  193  13:26  Liberator x2, Missile Turret  
  193  13:28  Missile Turret  
  189  13:44  Factory Tech Lab  
  189  13:46  Starport  
  192  13:56  Fusion Core  
  192  13:59  Marine  
  188  14:03  Siege Tank  
  188  14:04  Siege Tank  
  194  14:11  Viking  
  194  14:12  Siege Tank  
  194  14:14  Orbital Command  
  194  14:16  Liberator x2  
  199  14:21  Hi-Sec Auto Tracking  
  181  14:31  Marine  
  181  14:32  Marine x12, Starport Tech Lab  
  200  14:41  Liberator x2  
  200  14:47  Command Center  
  200  14:48  Missile Turret  
  200  14:50  Missile Turret  
  197  14:58  Marine  
  197  14:59  Marine x13  
  188  15:00  Marine  
  188  15:05  Neosteel Armor  
  188  15:06  Marine  
  184  15:12  Siege Tank, Raven  
  180  15:14  Advanced Ballistics  
  180  15:16  Marine  
  180  15:17  Marine  
  182  15:24  Siege Tank x2  
  188  15:37  Viking x2, Sensor Tower  
  188  15:38  Terran Ship Weapons Level 2  
  185  15:52  Refinery  
  185  15:55  Refinery  
  185  15:56  Marine, Viking  
  157  15:58  Marine  
  157  16:00  Marine x3  
  157  16:01  Marine x4  
  157  16:03  Marine x5  
  157  16:04  Marine x2  
  164  16:11  Sensor Tower  
  165  16:14  Marine  
  165  16:15  Marine  
  165  16:16  Raven  
  165  16:17  SCV  
  165  16:18  Marine x3  
  171  16:19  Marine  
  171  16:21  SCV  
  171  16:25  Marine x4, Missile Turret  
  176  16:29  SCV x2  
  176  16:32  Planetary Fortress  
  181  16:42  Missile Turret x2  
  181  16:45  Viking  
  183  16:47  Siege Tank  
  183  16:51  Siege Tank  
  189  16:54  SCV  
  189  16:59  Raven  
  192  17:04  Liberator x2  
  192  17:05  Command Center  
  192  17:13  Liberator  
  174  17:16  Marine  
  174  17:17  Marine x6  
  174  17:21  Viking  
  174  17:22  Marine  
  181  17:24  SCV  
  185  17:39  Sensor Tower  
  185  17:43  Marine  
  185  17:44  Marine x13  
  186  17:45  Missile Turret  
  196  17:59  Siege Tank  
  196  18:02  Terran Vehicle And Ship Armor Level 1  
  199  18:13  Marine  
  200  18:21  Orbital Command  
  200  18:24  Command Center  
  200  18:26  Corvid Reactor  
  200  18:35  Raven  
  200  18:39  Marine, Viking x2  
  200  18:40  Marine x15  
  194  18:44  Viking x2  
  198  18:49  Starport  
  193  18:57  Marine  
  193  18:58  Marine x4  
  193  18:59  Marine  
  193  19:00  Marine x4  
  200  19:23  Starport  
Show
View Real Time Build Order
Export as new Build Order

Mez Terran 

Build Orders: Gas First Reaper Expand, Liberator Opening 

Get SALT Encoding   

  12  0:00  SCV  
  13  0:13  SCV  
  14  0:17  Supply Depot  
  14  0:25  SCV  
  14  0:27  Refinery  
  15  0:39  SCV  
  16  0:44  Barracks  
  16  0:51  SCV  
  17  1:03  SCV  
  18  1:15  SCV  
  19  1:32  Orbital Command, Reaper  
  20  1:45  Command Center  
  20  1:55  Factory  
  20  1:59  SCV  
  21  2:11  Barracks Reactor, SCV, Supply Depot  
  22  2:17  Refinery  
  22  2:23  SCV  
  22  2:35  SCV  
  23  2:43  Starport  
  22  2:52  Hellion x2  
  22  2:54  Barracks Tech Lab  
  22  2:55  SCV  
  27  3:08  SCV  
  28  3:13  Hellion  
  30  3:28  Concussive Shells  
  30  3:30  Medivac  
  30  3:31  Hellion, Marauder  
  36  3:35  Orbital Command  
  36  3:37  Hellion  
  38  3:42  SCV  
  39  3:52  Marauder, Supply Depot  
  43  3:56  Liberator, Hellion  
  43  3:58  Hellion  
  45  4:09  SCV  
  46  4:13  SCV  
  50  4:25  SCV x2  
  50  4:29  Supply Depot  
  50  4:30  Marine x2  
  54  4:38  Supply Depot  
  54  4:49  SCV x2  
  54  4:51  Cyclone  
  47  5:09  Starport Tech Lab  
  39  5:20  SCV x2  
  41  5:24  Command Center  
  41  5:29  Raven  
  41  5:32  Barracks  
  41  5:33  SCV x2  
  41  5:34  Barracks, Factory Reactor  
  45  5:37  Marine, Supply Depot  
  45  5:38  Stimpack  
  45  5:39  Supply Depot  
  46  5:45  SCV x2  
  46  5:48  Engineering Bay  
  48  5:50  Engineering Bay  
  48  5:57  SCV x2  
  48  6:00  Marine  
  51  6:09  SCV x2  
  53  6:17  Refinery  
  53  6:18  Terran Infantry Armor Level 1, Refinery, Terran Infantry Weapons Level 1  
  50  6:21  SCV x2  
  50  6:25  Marine x3  
  52  6:26  Starport Reactor  
  55  6:33  SCV x2  
  55  6:34  Siege Tank  
  55  6:35  Marine x2  
  55  6:38  Orbital Command  
  62  6:43  Marine x3  
  62  6:45  SCV x2  
  67  6:54  Marine x2  
  64  6:55  Supply Depot  
  64  6:57  SCV  
  64  6:58  SCV  
  64  7:00  Supply Depot  
  64  7:01  Marine  
  68  7:04  Barracks  
  68  7:05  Barracks  
  70  7:08  SCV  
  70  7:10  SCV  
  70  7:15  Marine x3  
  71  7:16  Marine  
  71  7:17  Siege Tank  
  71  7:22  Orbital Command  
  78  7:29  Supply Depot  
  78  7:30  Medivac x2  
  78  7:31  Supply Depot  
  82  7:42  Marine, Supply Depot x2  
  82  7:43  Marine x4  
  87  7:48  SCV  
  87  7:49  SCV x2  
  90  7:51  Siege Tank  
  90  7:54  Combat Shield  
  93  8:01  SCV x2, Barracks Reactor x2  
  93  8:05  Medivac  
  96  8:15  Supply Depot  
  96  8:16  Marine x5  
  96  8:17  Supply Depot  
  96  8:19  SCV x3  
  104  8:26  Siege Tank  
  107  8:31  SCV x2  
  107  8:33  Marine  
  110  8:35  SCV  
  110  8:36  Marine x2, Armory  
  110  8:37  Marine x3  
  110  8:40  Supply Depot  
  110  8:41  Supply Depot  
  116  8:43  SCV  
  117  8:51  Marine  
  117  8:52  SCV x2  
  117  8:54  Refinery  
  117  8:55  SCV, Refinery  
  121  8:57  Marine x4  
  121  8:58  Marine x4, Command Center  
  129  9:10  Marine  
  129  9:11  Siege Tank  
  129  9:14  Factory  
  129  9:15  Marine  
  129  9:16  Marine  
  129  9:17  Marine x6  
  141  9:26  Terran Infantry Armor Level 2, Terran Infantry Weapons Level 2  
  141  9:30  Marine  
  142  9:32  Supply Depot  
  142  9:33  Marine  
  142  9:34  Marine x2, Supply Depot, Terran Vehicle Weapons Level 1  
  142  9:35  Supply Depot  
  135  9:46  Marine x5  
  135  9:47  Siege Tank  
  135  9:48  Marine  
  135  9:51  Marine, Medivac x2  
  149  9:58  Marine x2, Supply Depot x2  
  151  10:01  Factory Tech Lab  
  151  10:25  Marine, Siege Tank x2, Barracks  
  151  10:26  Marine x7, Barracks  
  165  10:28  Barracks  
  165  10:43  Planetary Fortress  
  165  10:59  Sensor Tower  
  165  11:00  Missile Turret  
  165  11:01  Missile Turret x2  
  165  11:02  Refinery x2  
  165  11:05  Missile Turret  
  165  11:11  Marine x6  
  165  11:13  Sensor Tower  
  165  11:14  Siege Tank x2  
  177  11:20  Missile Turret  
  175  11:44  Barracks Reactor  
  175  11:45  Barracks Reactor  
  175  11:50  Barracks Reactor  
  163  11:55  Starport  
  163  11:56  Starport  
  163  11:57  Fusion Core  
  158  12:06  Marine x9  
  158  12:07  Siege Tank x2  
  173  12:11  Viking x2  
  177  12:24  Marine x2  
  177  12:26  Marine x8  
  177  12:28  Terran Infantry Armor Level 3, Terran Infantry Weapons Level 3  
  187  12:37  Starport Tech Lab  
  187  12:38  Starport Reactor  
  187  12:46  Command Center  
  181  13:11  Marine x2  
  179  13:13  Viking x3  
  179  13:18  Viking x2  
  189  13:21  Terran Vehicle Weapons Level 2  
  181  13:43  Viking x2  
  181  13:52  Marine x5  
  181  13:53  Viking x2  
  184  14:13  Marine x2  
  184  14:14  Marine x3  
  184  14:16  Viking x3  
  158  14:32  Marine x3  
  158  14:33  Marine x8, Siege Tank x2  
  158  14:34  Viking  
  158  14:36  Advanced Ballistics  
  171  14:55  Refinery  
  171  14:59  Viking x2  
  143  15:00  Marine  
  143  15:03  Marine x8  
  143  15:05  Siege Tank  
  127  15:11  Viking  
  127  15:12  Refinery  
  128  15:14  Marine  
  128  15:15  Marine x3  
  132  15:26  Planetary Fortress  
  130  15:38  Marine x9  
  130  15:39  Marine x2  
  138  15:56  Marine x5  
  119  15:58  Marine x4, Siege Tank  
  119  15:59  Siege Tank  
  119  16:01  Viking  
  106  16:15  Marine x12  
  118  16:21  Liberator x2  
  118  16:24  Marine x3  
  121  16:28  Viking  
  123  16:33  Marine x3  
  132  16:43  Missile Turret  
  132  16:46  Missile Turret  
  132  16:59  Marine x10  
  115  17:24  Marine  
  115  17:25  Marine x2, Viking x5  
  115  17:26  Marine  
  129  17:37  Command Center  
  129  17:45  Marine x5  
  129  17:46  Marine x3  
  137  17:54  Viking  
  137  17:55  Viking  
  144  18:26  Medivac x3  
  96  18:41  Marine  
  96  18:42  Marine x6, Siege Tank x2  
  96  18:43  Marine x8  
  99  18:59  Marine x5  
  99  19:02  Marine x3  
  84  19:14  Siege Tank  
  87  19:21  Marine x4, Siege Tank  
  87  19:22  Marine x11  
  101  19:39  Marine x7  
Tags
 
Add a new tag
Caveats
  • Supply blocks, unpowered buildings, or Contaminate may cause inaccurate times.
  • Supply counts are checked every 10 seconds.